 Dungeon Crawl Stone Soup version 0.29-a0-330-g52719c12eb (webtiles) character file.

Game seed: 8178433234973320927

52 GigaChad the Slasher (level 3, 0/33 HPs)
             Began as a Minotaur Chaos Knight on Apr 12, 2022.
             Was a Plaything of Xom.
             Slain by Robin
             ... wielding a +0 whip
              (3 damage)
             ... on level 2 of the Dungeon.
             The game lasted 00:03:28 (841 turns).

GigaChad the Slasher (Minotaur Chaos Knight)         Turns: 841, Time: 00:03:29

Health: 0/33       AC:  5    Str: 16    XL:     3   Next: 60%
Magic:  2/2        EV: 11    Int:  9    God:    Xom [*.....]
Gold:   64         SH:  0    Dex:  9    Spells: 2/2 levels left

rFire   . . .      SeeInvis .   a - +0 falchion (chaos)
rCold   . . .      Faith    .   (no shield)
rNeg    . . .      Spirit   .   b - +2 leather armour
rPois   .          Reflect  .   (helmet restricted)
rElec   .          Harm     .   (no cloak)
rCorr   .          Rampage  .   (no gloves)
Will    .....                   (no boots)
Stlth   +.........              (no amulet)
HPRegen 0.11/turn               (no ring)
MPRegen 0.08/turn               (no ring)

@: no status effects
A: horns 2, retaliatory headbutt, fangs 1, clumsy 1
a: Renounce Religion


You were on level 2 of the Dungeon.
You worshipped Xom.
You were a special plaything of Xom.
You visited 1 branch of the dungeon, and saw 2 of its levels.

You collected 64 gold pieces.

Inventory:

Hand Weapons
 a - a +0 falchion of chaos (weapon)
Armour
 b - a +2 leather armour (worn)
 f - a +1 pair of boots
Scrolls
 d - a scroll of identify {unknown}
Miscellaneous
 c - a piece from Xom's chessboard (15/15) (quivered)


   Skills:
 + Level 4.0 Fighting
 + Level 5.3 Long Blades
 + Level 2.4 Armour
 + Level 1.1 Dodging


You had 2 spell levels left.
You didn't know any spells.
Your spell library contained the following spells:

 Spells                   Type           Power      Damage    Failure   Level
 Freeze                   Ice            0%         1d3       43%         1
 Frozen Ramparts          Ice            0%         1d2       82%         3
 Hailstorm                Conj/Ice       0%         3d3       99%         4


Dungeon Overview and Level Annotations

Branches:
Dungeon (2/15)

Altars:

Annotations:
D:2 Robin


Innate Abilities, Weirdness & Mutations

You have a pair of horns on your head.
You reflexively headbutt those who attack you in melee.
You have very sharp teeth.
You are clumsy. (Dex -2)


Message History

You bump into the rock wall.
You feel less confused.
The hobgoblin seems less confused. x2; The hobgoblin barely misses Robin.
The hobgoblin hits the hobgoblin but does no damage.
You closely miss the goblin.
You headbutt the goblin, but do no damage.
The hobgoblin barely misses you.
The hobgoblin barely misses Robin.
Xom is amused.
The hobgoblin hits itself but does no damage.
The goblin hits you but does no damage. The hobgoblin hits you.
Robin roars a battlecry!
The goblins go into a battle-frenzy!
Items here: ))) †.
You barely miss Robin. You headbutt Robin, but do no damage.
The hobgoblin hits you but does no damage.
The hobgoblin asks, "Where am I?"
The hobgoblin hits the hobgoblin.
Robin hits you with a +0 whip. The goblin misses you.
You hit Robin but do no damage. Your headbutt misses Robin.
Your bite misses Robin.
The hobgoblin hits you but does no damage.
Robin hits you with a +0 whip.
* * * LOW HITPOINT WARNING * * *
The goblin hits you but does no damage.
You hit Robin.
Robin seems to slow down.
Your headbutt misses Robin.
Robin is moderately wounded.
The hobgoblin hits you.
* * * LOW HITPOINT WARNING * * *
The goblin hits you but does no damage.
The hobgoblin barely misses Robin.
Robin barely misses you.
You hit Robin.
Robin flickers and vanishes!
Deactivating autopickup; reactivate with Ctrl-A.
Xom thinks this is hilarious!
The hobgoblin laughs at nothing.
The hobgoblin hits something.
Xom thinks this is hilarious!
The hobgoblin hits itself.
The goblin misses you. The hobgoblin misses you. Something hits you.
You die... "What!?
That's it?"

###.######.......###..
#......# #.#...#.# ###
#.#.##.# #.#...#.# #..
#.#.##.# #.#...#.# #.#
....##[# #.......# #.# .
...>...# ###...### #.# ...
.......# #....# #.####.g..
....)..###...##g####..g....#
............. #.@{gg.......#
.......###... #g####.#.##.##
.......# ##.# #.# #.#..#
...÷...# ##.###.## #.##.#
.###.#.# #.......# #.# .#
.###.#.# #.......# #.. ..
.....÷.# #.##....# ### ##
####.### # #.##.# #.# #.#
... ..# #.#


You could see 4 hobgoblins and a goblin (strong).

Vanquished Creatures
  Jessica (D:2)
  2 dart slugs
  A ball python (D:2)
  3 bats
  An endoplasm (D:1)
  2 giant cockroaches (D:1)
  7 goblins
  A hobgoblin (D:2)
  A kobold (D:1)
  A frilled lizard (D:2)
  A rat (D:1)
21 creatures vanquished.

Notes
Turn   | Place    | Note
-------+----------+-------------------------------------------
     0 | D:1      | GigaChad the Minotaur Chaos Knight began the quest for the
                  | Orb.
     0 | D:1      | Reached XP level 1. HP: 19/19 MP: 0/0
   159 | D:1      | XOM: silly message
   160 | D:1      | XOM: silly message
   183 | D:1      | Reached skill level 4 in Long Blades
   229 | D:1      | XOM: noise
   240 | D:1      | XOM: enchant monster (bad)
   249 | D:1      | Reached XP level 2. HP: 13/27 MP: 1/1
   293 | D:1      | XOM: noise
   325 | D:1      | XOM: summons 1 hostile demon
   326 | D:1      | Noticed a crimson imp
   409 | D:2      | XOM: give mutations
   409 | D:2      | Gained mutation: You have very sharp teeth. [Xom's
                  | mischief]
   409 | D:2      | Gained mutation: You are clumsy. (Dex -2) [Xom's mischief]
   470 | D:2      | Noticed Jessica
   485 | D:2      | Killed Jessica
   486 | D:2      | Reached skill level 5 in Long Blades
   486 | D:2      | Reached XP level 3. HP: 5/33 MP: 2/2
   808 | D:2      | Noticed Robin
   830 | D:2      | XOM: confusion (+ monsters)
   841 | D:2      | Slain by Robin

Illustrated notes

Levels and vault maps discovered:
D:1:      dpeg_arrival_snail, layout_basic, serial_rivers,
          chequers_serial_rivers_micro_e, chequers_serial_rivers_micro_b,
          chequers_serial_rivers_micro_c, chequers_serial_rivers_micro_a,
          chequers_serial_rivers_micro_e
D:2:      layout_loops_cross, uniq_jessica, uniq_robin

Skill      XL: |  1  2  3 |
---------------+----------+-----
Long Blades    | 4 5 |  5.3
Fighting       | 4 |  4.0
Armour         | |  2.4
Dodging        | |  1.1

Action                   || total
-------------------------++-------
Melee: Falchion          ||    52
       Headbutt          ||     8
       Bite              ||     5
  Use: Scroll            ||     3
Armor: Leather armour    ||    39
Dodge: Dodged            ||    47

Table legend: (Time is in decaauts)
 A = Elapsed time spent in this place.
 B = Non-inter-level travel time spent in this place.
 C = Inter-level travel time spent in this place.
 D = Time resting spent in this place.
 E = Time spent auto-exploring this place.
 F = Levels seen in this place.
 G = Mean time per level.
                   A        B        C        D        E       F      G
               +--------+--------+--------+--------+--------+-----+--------+
         Total |    848 |    848 |      0 |    253 |     21 |   2 |  424.0 |
       Dungeon |    848 |    848 |      0 |    253 |     21 |   2 |  424.0 |
               +--------+--------+--------+--------+--------+-----+--------+

Top non-repeatable levels by time:
     D:2: 443 daAuts
     D:1: 404 daAuts
